 Dungeon Crawl Stone Soup version 0.31-a0-841-g038b102fc3 (webtiles) character file.

Game seed: 18142396971370220979

179 scionoferis the Ruffian (level 5, -4/48 HPs)
             Began as a Hill Orc Monk on Sept 27, 2023.
             Slain by Pikel
             ... wielding a +2 whip of electrocution
              (10 damage)
             ... on level 4 of the Dungeon.
             The game lasted 00:07:02 (2983 turns).

scionoferis the Ruffian (Hill Orc Monk)             Turns: 2983, Time: 00:07:02

Health: -4/48      AC:  5    Str: 16    XL:     5   Next: 59%
Magic:  5/5        EV: 11    Int: 10    God:
Gold:   200        SH:  0    Dex: 13    Spells: 4/4 levels left

rFire   . .          .
                       - Unarmed
rCold   . . .        c - orb {light}
rNeg    . . .        k - +0 ring mail
rPois   .            (no helmet)
rElec   .            (no cloak)
rCorr   +            (no gloves)
SInv    .            (no boots)
Will    +....        (no amulet)
Stlth   +            m - ring of resist corrosion
HPRegen 0.28/turn    q - ring of willpower
MPRegen 0.09/turn

%: no passive effects
@: glowing
A: no striking features
a: no special abilities


You were on level 4 of the Dungeon.
You visited 1 branch of the dungeon, and saw 4 of its levels.

You collected 200 gold pieces.


   Skills:
 + Level 5.1 Fighting
 + Level 0.4 Armour
 - Level 2.4 Dodging
 * Level 5.7 Unarmed Combat


You had 4 spell levels left.
You didn't know any spells.
Your spell library contained the following spells:

 Spells                   Type           Power      Damage    Failure   Level
 Apportation              Tloc           0%         N/A       58%         1
 Necrotise                Necr           0%         1d4       58%         1
 Summon Small Mammal      Summ           0%         N/A       58%         1

Inventory:

Armour
 c - an orb of light (worn)
 k - a +0 ring mail (worn)
   (You found it on level 1 of the Dungeon)
Jewellery
 m - a ring of resist corrosion (left hand)
   (You found it on level 2 of the Dungeon)
 q - a ring of willpower (right hand)
   (You found it on level 4 of the Dungeon)
Scrolls
 a - a scroll of poison {unknown}
 g - a scroll of amnesia {unknown}
 h - 2 scrolls of vulnerability
 i - 2 scrolls of identify
 j - 2 scrolls of enchant armour
 l - a scroll of noise {unknown}
 n - 3 scrolls of acquirement
 p - 4 scrolls of enchant weapon {unknown}
 r - a scroll of brand weapon {unknown}
 s - 3 scrolls of torment {unknown}
 t - a scroll of teleportation {unknown}
Potions
 b - 2 potions of ambrosia
 e - 3 potions of curing {unknown}
 f - a potion of might {unknown}
 o - a potion of magic {unknown}

Dungeon Overview and Level Annotations

Branches:
Dungeon (4/15)             Temple (0/1) D:4

Altars:
Dithmenos
Trog

Shops:
D:4 :

Annotations:
D:4 Pikel

.............##..K..#...>..#.....
............####..###.........#..
#............# #.## ###......#...
###.........####.# #.......#...
##..........##...# #.......#...
.#.........)##..#######......#..#
............###.#.#..##...#.#####
............# #5#........####
...#.......####K@...##..##
...###..............##.##
..#####....#...<##.....#
...#.......#..#####...##
##............# ###.#
#...#..##.....## ###
....#..##......# ...........#.###
.....##.######


You could see Pikel and a lemure.


Message History

A ball python comes into view.
You hit the ball python.
You kill the ball python!
No target in view! 2 goblins come into view.
Found a scroll labelled ZEVUDWYTTI.
The goblin shouts! x2; You hear a shout!
A goblin comes into view. It is wielding a +0 dagger.
A frilled lizard comes into view.
A hobgoblin comes into view.
The hobgoblin shouts!
You barely miss the goblin. You hit the goblin but do no damage.
The goblin misses you.
You punch the goblin!
You kill the goblin!
Your Unarmed Combat skill increases to level 4!
You hit the goblin.
The goblin is moderately wounded.
The goblin hits you with a +0 dagger.
You hit the goblin.
The goblin is severely wounded.
The goblin hits you with a +0 dagger.
You hit the goblin.
You kill the goblin!
You hit the hobgoblin.
The hobgoblin is almost dead.
The hobgoblin hits you.
You punch the hobgoblin!
You kill the hobgoblin!
You closely miss the frilled lizard. The frilled lizard barely misses you.
You barely miss the frilled lizard.
The frilled lizard completely misses you.
You hit the frilled lizard but do no damage.
The frilled lizard barely misses you.
You barely miss the frilled lizard. You hit the frilled lizard.
You kill the frilled lizard!
You swing at nothing.
Items here: )) ††.
You now have 30 gold pieces (gained 13).
h - a scroll labelled XELORO GIMUB
i - a scroll labelled ZEVUDWYTTI A kobold comes into view.
It is wielding a +0 dagger.
The kobold shouts!
You hear a shout!
A hobgoblin comes into view.
You hit the kobold.
The kobold is moderately wounded.
The kobold misses you.
You hit the kobold.
You kill the kobold!
Things that are here:
a +0 dagger; a kobold corpse You hit the hobgoblin but do no damage.
The hobgoblin closely misses you.
The goblin shouts!
You hit the hobgoblin.
The hobgoblin is almost dead.
The hobgoblin misses you.
You hit the hobgoblin.
You kill the hobgoblin!
You hit the goblin.
The goblin is heavily wounded.
The goblin hits you with a +0 dagger.
You barely miss the goblin.
The goblin is heavily wounded.
The goblin closely misses you.
You hit the goblin.
You kill the goblin!
You have reached level 3!
Your experience leads to an increase in your attributes!
Increase (S)trength, (I)ntelligence, or (D)exterity?
You feel stronger. x2
You now have 44 gold pieces (gained 14).
Things that are here:
a +0 dagger; a goblin corpse
j - a scroll labelled COALUFROPHA You now have 53 gold pieces (gained 9).
Found a ring mail.
You see here a +0 ring mail.
k - a +0 ring mail You start removing your armour.
You continue taking off your +0 robe. x4
You finish taking off your +0 robe.
You start putting on your armour.
You continue putting on your +0 ring mail. x5
You finish putting on your +0 ring mail.
Unknown command.
You drop a +0 robe.
Found a leather armour.
You see here a +0 leather armour.
A bat comes into view.
Found a scroll labelled ENELOO VOUSO.
A rat comes into view.
Found a green potion.
The bat misses you.
You hit the bat but do no damage. The bat misses you. The bat hits you.
You barely miss the bat. The bat closely misses you.
Found a stone staircase leading down.
The bat closely misses you.
You hit the bat but do no damage. The bat barely misses you.
The rat closely misses you.
You hit the rat but do no damage. The rat bites you but does no damage.
The bat misses you.
You hit the bat.
The bat is moderately wounded.
The bat hits you but does no damage. The rat bites you but does no damage.
The bat barely misses you.
You punch the bat!
You kill the bat!
The rat closely misses you.
You hit the rat.
The rat is severely wounded.
The rat bites you but does no damage.
You hit the rat.
You kill the rat!
No target in view!
a - a scroll labelled ENELOO VOUSO
j - 2 scrolls labelled COALUFROPHA (gained 1)
A goblin comes into view. It is wielding a +0 dagger.
The goblin shouts!
A bat comes into view.
The bat hits you but does no damage.
You hit the bat.
The bat is severely wounded.
The bat completely misses you. The bat barely misses you.
You hit the bat but do no damage.
The bat is severely wounded.
The bat closely misses you. x2; The goblin misses you.
You closely miss the bat.
The bat is severely wounded.
The bat hits you but does no damage. The goblin hits you with a +0 dagger.
You closely miss the goblin. The bat hits you.
The goblin hits you but does no damage.
You hit the goblin.
The goblin is severely wounded.
The bat barely misses you. The goblin closely misses you.
You hit the goblin.
You kill the goblin!
The bat barely misses you. The bat misses you.
You closely miss the bat. The bat hits you.
The bat hits you but does no damage.
You see here a green potion.
The bat hits you but does no damage.
You hit the bat.
You kill the bat!
No target in view!
e - 2 green potions (gained 1)
There is a stone staircase leading down here.
A giant cockroach comes into view.
A giant cockroach is nearby!
Found a leather armour.
You barely miss the giant cockroach.
The giant cockroach bites you but does no damage.
You punch the giant cockroach!
You kill the giant cockroach!
No target in view!
You now have 69 gold pieces (gained 16).
You see here a giant cockroach corpse.
There is a stone staircase leading down here.
You see here a bat corpse.
Things that are here:
a +0 dagger; a kobold skeleton You see here a hobgoblin skeleton.
Key pressed, stopping explore.
Done exploring.
Done exploring.
Search for what [? for help]? d:
There is a stone staircase leading down here.
You climb downwards.
Found a scroll labelled QUKHEL RONAMIJ.
There is a stone staircase leading up here.
Found an escape hatch in the floor.
A hobgoblin comes into view.
The hobgoblin shouts!
You see here a scroll labelled QUKHEL RONAMIJ.
l - a scroll labelled QUKHEL RONAMIJ The hobgoblin closely misses you.
You barely miss the hobgoblin. You hit the hobgoblin but do no damage.
The hobgoblin barely misses you.
You hit the hobgoblin.
You kill the hobgoblin!
No target in view!
You see here a hobgoblin corpse.
A dart slug and a rat come into view.
The rat bites you.
You hit the rat.
The rat is heavily wounded.
The rat bites you but does no damage.
You hit the rat.
You kill the rat!
You punch the dart slug!
The dart slug is severely wounded.
The dart slug bites you but does no damage.
You punch the dart slug!
You kill the dart slug!
No target in view!
HP restored.
A dart slug comes into view.
Things that are here:
a dart slug corpse; a rat corpse You hit the dart slug.
The dart slug is lightly wounded.
You hit the dart slug.
The dart slug is heavily wounded.
The dart slug barely misses you.
You hit the dart slug.
The dart slug is almost dead.
The dart slug launches a dart at you.
The slug dart hits you but does no damage.
You hit the dart slug.
You kill the dart slug!
No target in view!
You see here a dart slug corpse.
You open the door.
There is an open door here.
You open the door.
A giant cockroach comes into view.
Found a mace.
There is an open door here.
The giant cockroach barely misses you.
You hit the giant cockroach but do no damage.
The giant cockroach barely misses you.
You barely miss the giant cockroach. The giant cockroach closely misses you.
The giant cockroach barely misses you.
You hit the giant cockroach.
You kill the giant cockroach!
No target in view!
There is an open door here.
You see here a hobgoblin corpse.
Found a sling.
No target in view!
You see here a +0 sling.
Found a stone staircase leading down.
There is a stone staircase leading down here.
You now have 76 gold pieces (gained 7).
i - 2 scrolls labelled ZEVUDWYTTI (gained 1)
A rat comes into view.
You hit the rat.
You kill the rat!
No target in view!
You see here a rat corpse.
A goblin comes into view. It is wielding a +0 dagger.
Found 14 gold pieces.
The goblin shouts!
The goblin unwields a +0 dagger.
The goblin wields a +0 sling.
The goblin shoots a sling bullet.
The sling bullet barely misses you.
The goblin shoots a sling bullet.
The sling bullet barely misses you.
Found an escape hatch in the ceiling.
The goblin shoots a sling bullet.
The sling bullet barely misses you.
The goblin shoots a sling bullet.
The sling bullet hits you.
The goblin unwields a +0 sling.
The goblin wields a +0 dagger.
The goblin hits you with a +0 dagger.
You barely miss the goblin. The goblin closely misses you.
You hit the goblin.
The goblin is heavily wounded.
The goblin hits you but does no damage.
You hit the goblin but do no damage.
The goblin is heavily wounded.
The goblin barely misses you.
You punch the goblin!
You kill the goblin!
A ball python comes into view.
The ball python hisses angrily.
You punch the ball python!
You kill the ball python!
No target in view!
You now have 90 gold pieces (gained 14).
You see here a ball python corpse.
Key pressed, stopping explore.
Found a stone staircase leading up.
You see here a ball python corpse.
You open the door. 2 ball pythons come into view.
The ball python hisses angrily.
Found a potion of ambrosia, 19 gold pieces and a scroll labelled ZEVUDWYTTI.
You hit the ball python.
You kill the ball python!
You barely miss the ball python. The ball python barely misses you. x2
You closely miss the ball python.
The ball python bites you but does no damage.
The ball python grabs you. The ball python constricts you.
You hit the ball python.
You kill the ball python!
No target in view!
There is an open door here.
Things that are here:
a ball python corpse; a ball python corpse You now have 109 gold pieces (gained 19).
b - 2 potions of ambrosia (gained 1)
i - 3 scrolls labelled ZEVUDWYTTI (gained 1)
There is an open door here.
Things that are here:
a ball python corpse; a ball python corpse A goblin and an endoplasm come into view.
Found a falchion.
The goblin shouts!
You hear a shout!
A ball python comes into view.
The ball python hisses angrily.
A kobold comes into view. It is wielding a +0 dagger.
You hit the endoplasm but do no damage. The endoplasm freezes you.
You are frozen.
A rat comes into view.
You hit the endoplasm.
The endoplasm is lightly wounded.
The endoplasm freezes you.
You are frozen.
The endoplasm hits you.
Unknown command.
The endoplasm attacks as it pursues you!
The endoplasm hits you.
You hit the endoplasm but do no damage.
The endoplasm is lightly wounded.
You hit the endoplasm.
You kill the endoplasm!
You punch the goblin!
You kill the goblin!
You hit the ball python.
The ball python is moderately wounded.
The ball python bites you but does no damage.
The ball python closely misses you.
You punch the ball python!
You kill the ball python!
You swing at nothing.
You hit the kobold.
The kobold is moderately wounded.
The kobold hits you but does no damage.
You punch the kobold!
You kill the kobold!
You punch the rat!
You kill the rat!
A kobold comes into view. It is wielding a +0 short sword.
You swing at nothing.
You swing at nothing.
You swing at nothing.
You swing at nothing.
You swing at nothing.
You hit the kobold.
You kill the kobold!
You swing at nothing.
You swing at nothing.
You see here a +0 short sword.
Found a stone staircase leading down.
An endoplasm comes into view.
The endoplasm quivers.
A bat comes into view. x2
The bat hits you but does no damage.
You hit the bat.
You kill the bat!
The bat hits you but does no damage. The bat hits you but does no damage.
You hit the bat.
You kill the bat!
You hit the endoplasm.
You kill the endoplasm!
You see here a bat corpse.
Found a dagger.
Found a knobbly ivory ring.
You see here a +1 heavy flail.
m - a ring of resist corrosion
m - a ring of resist corrosion (left hand)
You open the door.
Found a stone staircase leading up.
Found a stone staircase leading down.
Done exploring.
Done exploring.
Search for what [Enter for "d:", or ? for help]? d: Unknown command.
There is a stone staircase leading down here.
You climb downwards.
The orc shouts!
Found 3 stones.
There is a stone staircase leading up here.
You hit the orc.
The orc is moderately wounded.
You barely miss the orc.
The orc is moderately wounded.
The orc hits you but does no damage.
You hit the orc.
The orc is almost dead.
The orc hits you with a +0 dagger.
You hit the orc.
You kill the orc!
No target in view!
HP restored.
n - a scroll labelled SIODAJ PORURO You open the door.
There is an open door here.
You open the door.
There is an open door here.
A quokka comes into view.
The quokka barely misses you.
You hit the quokka.
You kill the quokka!
No target in view!
You open the door.
Found 6 stones.
There is an open door here.
You now have 123 gold pieces (gained 14).
You open the door.
You see here 6 stones.
There is an open door here.
An endoplasm and an adder come into view.
The adder hisses angrily.
You completely miss the endoplasm. The endoplasm freezes you.
You are frozen.
You completely miss the endoplasm. The endoplasm closely misses you.
You hit the endoplasm.
The endoplasm is heavily wounded.
The endoplasm closely misses you.
You hit the endoplasm.
The endoplasm is almost dead.
The endoplasm hits you but does no damage.
You hit the endoplasm.
You kill the endoplasm!
You have reached level 4!
You hit the adder.
The adder is lightly wounded.
The adder barely misses you.
You hit the adder.
The adder is lightly wounded.
The adder bites you but does no damage. The adder misses you.
You hit the adder.
The adder is heavily wounded.
The adder bites you but does no damage.
You hit the adder.
The adder is almost dead.
The adder closely misses you.
You hit the adder.
You kill the adder!
No target in view!
No target in view!
Found a stone staircase leading down.
An adder comes into view.
You hit the adder.
The adder is lightly wounded.
The adder bites you but does no damage.
You hit the adder but do no damage.
The adder is lightly wounded.
The adder bites you but does no damage.
You hit the adder but do no damage.
The adder is lightly wounded.
The adder closely misses you.
You hit the adder.
The adder is moderately wounded.
The adder bites you but does no damage. The adder closely misses you.
You hit the adder.
The adder is severely wounded.
The adder bites you but does no damage.
You hit the adder.
You kill the adder!
No target in view!
You see here an adder corpse.
A kobold comes into view. It is wielding a +0 dagger.
The kobold shouts!
A worm comes into view.
The kobold throws a stone.
The stone completely misses you.
The kobold throws a stone.
The stone hits you.
The kobold throws a stone.
The stone hits you. The kobold hits you with a +0 dagger.
You hit the kobold.
You kill the kobold!
Things that are here:
a +0 dagger; 2 stones; a kobold corpse You hit the worm.
The worm is moderately wounded.
The worm barely misses you.
You hit the worm but do no damage.
The worm is moderately wounded.
You hit the worm.
The worm is moderately wounded.
The worm bites you.
You hit the worm.
The worm is heavily wounded.
You punch the worm!
You kill the worm!
No target in view!
No target in view!
You see here a worm corpse.
A ball python comes into view.
A ball python is nearby!
The ball python hisses angrily.
You see here a worm corpse.
Things that are here:
a +0 dagger; 2 stones; a kobold corpse The ball python bites you but does no damage.
The ball python grabs you. The ball python constricts you.
You hit the ball python but do no damage.
The ball python barely misses you. The ball python constricts you.
You punch the ball python!
You kill the ball python!
Your Unarmed Combat skill increases to level 5!
No target in view!
Things that are here:
a +0 dagger; 2 stones; a kobold corpse As you open the door, it creaks loudly!
There is an open door here.
You open the door.
There is an open door here.
Found a stone staircase leading up.
There is a stone staircase leading up here.
Found a beast talisman.
You open the door.
A rat and a bat come into view.
You swing at nothing.
You punch the bat!
You kill the bat!
You hit the rat.
You kill the rat!
You swing at nothing.
There is an open door here.
You open the door.
There is an open door here.
Found a robe.
i - 4 scrolls labelled ZEVUDWYTTI (gained 1)
o - a fizzy grey potion
p - a scroll labelled SOLOOXOTOBB
Found a stone staircase leading down.
An endoplasm comes into view.
The endoplasm quivers.
Found a stone staircase leading down.
You hit the endoplasm.
The endoplasm is heavily wounded.
You punch the endoplasm!
You kill the endoplasm!
No target in view!
There is a stone staircase leading down here.
i - 5 scrolls labelled ZEVUDWYTTI (gained 1) As you open the door, it creaks loudly!
Found a ring mail.
There is an open door here.
You see here a +0 ring mail.
You open the door.
There is an open door here.
Found a stone staircase leading up.
There is a stone staircase leading up here.
There is an open door here.
You open the door.
There is an open door here.
n - 2 scrolls labelled SIODAJ PORURO (gained 1)
There is an open door here.
There is an open door here.
Done exploring.
Done exploring.
Search for what [Enter for "d:", or ? for help]? d: Unknown command.
There is an open door here.
You open the door.
There is an open door here.
There is an open door here.
There is an open door here.
There is a stone staircase leading down here.
You climb downwards.
Found a scroll labelled XELORO GIMUB.
There is a stone staircase leading up here.
Okay, then.
A giant cockroach comes into view.
Found 4 stones.
Found a blackened bronze ring.
You see here a scroll labelled XELORO GIMUB.
h - 2 scrolls labelled XELORO GIMUB (gained 1)
You punch the giant cockroach!
You kill the giant cockroach!
q - a ring of willpower
There is a stone staircase leading up here.
q - a ring of willpower (right hand)
As you read the scroll labelled ZEVUDWYTTI, it crumbles to dust.
It is a scroll of identify.
h - 2 scrolls of vulnerability
As you read the scroll of identify, it crumbles to dust.
j - 2 scrolls of enchant armour
As you read the scroll of identify, it crumbles to dust.
n - 2 scrolls of acquirement An endoplasm comes into view.
The endoplasm quivers.
You hit the endoplasm.
The endoplasm is almost dead.
The endoplasm freezes you.
You are frozen.
You punch the endoplasm!
You kill the endoplasm!
No target in view!
HP restored.
Found a stone staircase leading down.
Found Nyttomuv's Book Boutique.
There is an entrance to Nyttomuv's Book Boutique here.
Found a dagger.
Found a staircase to the Ecumenical Temple.
A kobold comes into view. It is wielding a +0 club.
The kobold shouts!
A hobgoblin comes into view.
The hobgoblin shouts!
The hobgoblin moves out of view.
The kobold barely misses you.
You hit the kobold.
The kobold is severely wounded.
The kobold hits you but does no damage.
You hit the kobold but do no damage.
The kobold is severely wounded.
The kobold hits you but does no damage.
You hit the kobold.
You kill the kobold!
The hobgoblin hits you.
Things that are here:
a +0 club; a kobold corpse You hit the hobgoblin.
The hobgoblin is almost dead.
The hobgoblin hits you but does no damage.
You punch the hobgoblin!
You kill the hobgoblin!
No target in view!
A lemure comes into view.
Found a leather armour.
The lemure shouts!
A ball python comes into view.
The ball python hisses angrily.
The ball python barely misses you. The ball python grabs you.
The ball python constricts you.
You escape the ball python's grasp.
There is a stone staircase leading up here.
The ball python bites you but does no damage.
The ball python grabs you.
You stop ascending the stairs.
The ball python constricts you.
Unknown command.
You escape the ball python's grasp.
The ball python bites you. The ball python grabs you.
You stop ascending the stairs.
The ball python constricts you.
The ball python's grasp on you weakens, but your attempt to escape fails.
Something loses its grip on you.
You climb upwards.
There is a stone staircase leading down here.
The ball python attacks as it pursues you!
The ball python bites you but does no damage.
The ball python barely misses you.
The ball python attacks as it pursues you!
The ball python barely misses you. The ball python closely misses you.
The ball python bites you. The ball python barely misses you.
The ball python attacks as it pursues you!
The ball python bites you. The ball python barely misses you.
The ball python bites you. The ball python grabs you.
The ball python constricts you.
You barely miss the ball python. The ball python closely misses you.
The ball python constricts you.
You hit the ball python but do no damage.
The ball python loses its grip on you.
You hit the lemure.
The lemure is lightly wounded.
You hit the lemure.
The lemure is lightly wounded.
The lemure barely misses you.
You punch the lemure!
The lemure is moderately wounded.
The lemure completely misses you.
You closely miss the lemure.
The lemure is moderately wounded.
The lemure hits you but does no damage.
You hit the lemure.
The lemure is heavily wounded.
You hit the lemure but do no damage.
The lemure is heavily wounded.
The lemure hits you but does no damage.
You hit the lemure but do no damage.
The lemure is heavily wounded.
The lemure hits you but does no damage.
You hit the lemure.
The lemure is heavily wounded.
The lemure hits you but does no damage.
You hit the lemure.
The lemure is heavily wounded.
The lemure misses you.
You hit the lemure.
The lemure is severely wounded.
The lemure barely misses you.
You punch the lemure!
The lemure is almost dead.
The lemure barely misses you.
You closely miss the lemure.
The lemure is almost dead.
The lemure barely misses you.
You hit the lemure but do no damage.
The lemure is almost dead.
The lemure closely misses you.
You hit the lemure but do no damage.
The lemure is almost dead.
The lemure barely misses you.
You hit the lemure but do no damage.
The lemure is almost dead.
You completely miss the lemure.
The lemure is almost dead.
The lemure hits you!
You hit the lemure.
You kill the lemure!
That felt strangely unrewarding.
You hit the ball python.
You kill the ball python!
You swing at nothing.
You swing at nothing.
You see here a ball python corpse.
There is a stone staircase leading down here.
You start resting.
HP restored.
You climb downwards.
There is a stone staircase leading up here.
Found a stone staircase leading up.
A kobold comes into view. It is wielding a +0 club.
The kobold shouts!
You hit the kobold but do no damage. The kobold hits you with a +0 club.
You punch the kobold!
You kill the kobold!
No target in view!
HP restored.
A hound comes into view.
The hound barks!
You hear an angry hiss.
There is a stone staircase leading up here.
The hound bites you but does no damage.
You barely miss the hound. The hound closely misses you.
You hit the hound.
The hound is moderately wounded.
The hound closely misses you. The hound bites you but does no damage.
You punch the hound!
The hound is almost dead.
The hound bites you.
You hit the hound.
The hound is almost dead.
The hound barely misses you.
You hit the hound.
The hound is almost dead.
The hound bites you. The hound barely misses you.
You barely miss the hound.
The hound is almost dead.
The hound bites you but does no damage.
You hit the hound.
You kill the hound!
You have reached level 5!
You feel stronger.
A jackal comes into view.
A jackal comes into view.
The jackal barks!
You hit the jackal.
You kill the jackal!
An iguana comes into view.
The iguana hisses angrily.
You punch the jackal!
You kill the jackal!
You swing at nothing.
You swing at nothing.
You swing at nothing.
You swing at nothing.
You swing at nothing.
You hit the iguana but do no damage. The iguana bites you.
You hit the iguana.
The iguana is lightly wounded.
The iguana bites you!
You punch the iguana!
The iguana is heavily wounded.
The iguana bites you but does no damage.
You hit the iguana.
The iguana is severely wounded.
The iguana misses you.
You hit the iguana.
You kill the iguana!
Your Fighting skill increases to level 5!
You swing at nothing.
You see here an iguana corpse.
Found a halberd.
An iguana comes into view.
Press: ? - help, v - describe, . - travel, g - get item Item here: a scroll of acquirement.
The floor.
Unknown command.
You see here an iguana corpse.
You hit the iguana.
The iguana is lightly wounded.
You hit the iguana but do no damage.
The iguana is lightly wounded.
The iguana bites you.
You hit the iguana but do no damage.
The iguana is lightly wounded.
The iguana closely misses you.
You hit the iguana but do no damage.
The iguana is lightly wounded.
The iguana bites you but does no damage.
You hit the iguana but do no damage.
The iguana is lightly wounded.
The iguana bites you but does no damage.
You hit the iguana but do no damage.
The iguana is lightly wounded.
The iguana bites you!
You hit the iguana but do no damage. The iguana bites you!
You hit the iguana.
The iguana is lightly wounded.
The iguana bites you!
You hit the iguana but do no damage.
The iguana is lightly wounded.
The iguana barely misses you.
You hit the iguana but do no damage.
The iguana is lightly wounded.
The iguana barely misses you.
Throw: throwing net
Press: ? - help, Q - select action Shift-Dir - straight line, f - iguana
Aim: an iguana (lightly wounded, haloed, 80% to hit)
You throw a throwing net. The throwing net hits the iguana.
The iguana is caught in the net!
The iguana is lightly wounded.
The iguana struggles against the net.
You hit the iguana.
The iguana is lightly wounded.
You hit the iguana.
The iguana is heavily wounded.
The iguana struggles against the net.
You hit the iguana.
The iguana is severely wounded.
The iguana struggles against the net.
You hit the iguana.
The iguana is almost dead.
The iguana struggles against the net.
You punch the iguana!
You kill the iguana!
d - a throwing net
There is a stone staircase leading up here.
You climb upwards.
There is a stone staircase leading down here.
You start resting.
HP restored.
You climb downwards.
There is a stone staircase leading up here.
You see here a hound skeleton.
Found a sling.
r - a scroll labelled PEXOUD ONAOPT
p - 4 scrolls labelled SOLOOXOTOBB (gained 3)
You now have 133 gold pieces (gained 10).
n - 3 scrolls of acquirement (gained 1)
You pick up a book of Cantrips and begin reading...
You add the spells Necrotise, Summon Small Mammal and Apportation to your library.
s - 2 scrolls labelled UMYGUOMIS Pikel, Merchant of Souls comes into view.
He is wielding a +2 whip of electrocution and carrying a wand of iceblast.
A lemure comes into view.
You open the door.
Found a shadowy altar of Dithmenos and a bloodstained altar of Trog.
There is an open door here.
Found 21 gold pieces.
There is a fountain of clear blue water here.
A ball python comes into view.
Found 12 gold pieces.
The ball python hisses angrily.
Found 5 gold pieces.
A giant cockroach comes into view.
Found 13 gold pieces.
The giant cockroach waves its antennae.
You now have 144 gold pieces (gained 11).
There is a fountain of clear blue water here.
There is an open door here.
You punch the giant cockroach!
You kill the giant cockroach!
You closely miss the ball python. The ball python barely misses you.
The ball python grabs you. The ball python constricts you.
You hit the ball python.
The ball python is severely wounded.
The ball python bites you. The ball python constricts you.
You hit the ball python.
You kill the ball python!
You see here a giant cockroach corpse.
You now have 157 gold pieces (gained 13).
You now have 162 gold pieces (gained 5).
You now have 174 gold pieces (gained 12).
You now have 184 gold pieces (gained 10).
Found a scroll labelled TECEYTR IL SUI and a scroll labelled UMYGUOMIS.
t - a scroll labelled TECEYTR IL SUI
Found a stone staircase leading up.
s - 3 scrolls labelled UMYGUOMIS (gained 1)
Found a green potion.
Found two stone staircases leading down.
Found 16 gold pieces.
e - 3 green potions (gained 1)
The lemure shouts!
There is a stone staircase leading up here.
The lemure closely misses you.
You climb upwards.
There is a stone staircase leading down here.
You completely miss the lemure. The lemure completely misses you.
You completely miss the lemure. The lemure hits you.
You hit the lemure.
The lemure is lightly wounded.
The lemure barely misses you.
You hit the lemure.
The lemure is lightly wounded.
The lemure hits you.
You hit the lemure.
The lemure is moderately wounded.
The lemure closely misses you.
You hit the lemure.
The lemure is moderately wounded.
The lemure hits you but does no damage.
You hit the lemure but do no damage.
The lemure is moderately wounded.
You punch the lemure!
The lemure is severely wounded.
The lemure hits you.
You barely miss the lemure.
The lemure is severely wounded.
The lemure closely misses you.
You hit the lemure.
The lemure is almost dead.
The lemure hits you but does no damage.
You closely miss the lemure.
The lemure is almost dead.
The lemure misses you.
You hit the lemure.
The lemure is almost dead.
The lemure misses you.
You hit the lemure.
You kill the lemure!
That felt strangely unrewarding.
You start resting.
HP restored.
You climb downwards.
Level annotation: Pikel
There is a stone staircase leading up here.
You now have 200 gold pieces (gained 16).
There is a staircase to the Ecumenical Temple here.
Pikel shouts!
Pikel zaps a wand.
The mass of ice explodes!
The iceblast engulfs you!
You hear a shout! x2
A lemure comes into view.
The lemure shouts!
A lemure comes into view.
The lemure attacks as it pursues you! The lemure hits you.
The lemure attacks as it pursues you! The lemure hits you.
The lemure attacks as it pursues you! The lemure hits you!
The lemure attacks as it pursues you! The lemure hits you!
The lemure attacks as it pursues you! The lemure barely misses you.
There is a stone staircase leading up here.
You climb upwards.
There is a stone staircase leading down here.
You start resting.
HP restored.
As you open the door, it creaks loudly!
There is an open door here.
There is an open door here.
There is a stone staircase leading down here.
You climb downwards.
Level annotation: Pikel
There is a stone staircase leading up here.
There is a stone staircase leading up here.
There is a stone staircase leading up here.
The lemure misses you.
You climb upwards.
There is a stone staircase leading down here.
You punch the lemure!
The lemure is moderately wounded.
The lemure barely misses you.
You punch the lemure!
The lemure is severely wounded.
The lemure barely misses you.
You hit the lemure.
The lemure is almost dead.
The lemure completely misses you.
You hit the lemure but do no damage.
The lemure is almost dead.
The lemure hits you.
You hit the lemure.
You kill the lemure!
That felt strangely unrewarding.
You start resting.
HP restored.
You climb downwards.
Level annotation: Pikel
There is a stone staircase leading up here.
You see here a +0 club.
Pikel waves his whip at you.
Pikel hits you with a +2 whip of electrocution!
You see here a +0 club.
Press: ? - help, v - describe, . - travel
Here: Pikel, wielding a +2 whip of electrocution, wearing a +0 robe and carrying a wand of iceblast (haloed)
The floor.
Throw: throwing net
Press: ? - help, Q - select action Shift-Dir - straight line, f - Pikel
Aim: Pikel, wielding a +2 whip of electrocution, wearing a +0 robe and carrying a wand of iceblast (haloed, 68% to hit)
You throw a throwing net. The throwing net barely misses Pikel.
Pikel closely misses you.
You punch Pikel!
Pikel is moderately wounded.
Pikel hits you with a +2 whip of electrocution!
You are electrocuted!
You barely miss Pikel.
Pikel is moderately wounded.
The lemure shouts!
Pikel closely misses you.
You hit Pikel.
Pikel is moderately wounded.
Pikel hits you with a +2 whip of electrocution!
* * * LOW HITPOINT WARNING * * *
You hit Pikel.
Pikel is heavily wounded.
Pikel hits you with a +2 whip of electrocution!
* * * LOW HITPOINT WARNING * * *
The lemure hits you but does no damage.
You hit Pikel.
Pikel is heavily wounded.
Pikel hits you with a +2 whip of electrocution!
You die...
Pikel says, "Another soul for the market."

Skill      XL: |  1  2  3  4  5 |
---------------+----------------+-----
Fighting       | 4 5 |  5.1
Unarmed Combat | 4 5 |  5.7
Armour         | |  0.4
Dodging        | |  2.4

Action                     |  1- 3 |  4- 6 || total
---------------------------+-------+-------++-------
  Melee: Unarmed           |   115 |   109 ||   224
  Throw: Throwing net      |       |     2 ||     2
    Use: Scroll            |       |     3 ||     3
 Armour: Robe              |    17 |       ||    17
         Ring mail         |    32 |    59 ||    91
  Dodge: Dodged            |    58 |    47 ||   105

Levels and vault maps discovered:
D:1:      scummos_arrival_forest, layout_rooms
D:2:      layout_basic
D:3:      layout_loops_corners
D:4:      layout_cave_pools, jmf_multi_god_temple,
          minmay_temple_entry_mini_moons, serial_shops, shop, uniq_pikel

Notes
Turn   | Place    | Note
-------+----------+-------------------------------------------
     0 | D:1      | scionoferis the Hill Orc Monk began the quest for the Orb.
     0 | D:1      | Reached XP level 1. HP: 19/19 MP: 1/1
    78 | D:1      | Reached XP level 2. HP: 27/27 MP: 2/2
   192 | D:1      | Reached skill level 4 in Fighting
   233 | D:1      | Reached skill level 4 in Unarmed Combat
   307 | D:1      | Reached XP level 3. HP: 33/33 MP: 3/3
  1239 | D:3      | Reached XP level 4. HP: 36/41 MP: 4/4
  1355 | D:3      | Reached skill level 5 in Unarmed Combat
  1954 | D:4      | Identified 2 scrolls of acquirement
  1996 | D:4      | Found Nyttomuv's Book Boutique.
  2018 | D:4      | Found a staircase to the Ecumenical Temple.
  2041 | D:4      | Noticed a lemure
  2095 | D:3      | Killed a lemure
  2184 | D:4      | Reached XP level 5. HP: 44/47 MP: 5/5
  2255 | D:4      | Reached skill level 5 in Fighting
  2509 | D:4      | Noticed Pikel
  2509 | D:4      | Noticed a lemure
  2535 | D:4      | Found a shadowy altar of Dithmenos.
  2535 | D:4      | Found a bloodstained altar of Trog.
  2630 | D:3      | Killed a lemure
  2724 | D:4      | Noticed a lemure
  2724 | D:4      | Noticed a lemure
  2936 | D:3      | Killed a lemure
  2983 | D:4      | Slain by Pikel

Vanquished Creatures
  3 lemures (D:3)
  A hound (D:4)
  2 iguanas (D:4)
  2 adders (D:3)
  A worm (D:3)
  4 dart slugs (D:1 D:2)
  An orc (D:3)
  11 ball pythons (D:1 D:2 D:3 D:4)
  6 bats (D:1 D:2 D:3)
  6 endoplasms (D:1 D:2 D:3 D:4)
  4 giant cockroaches (D:1 D:2 D:4)
  5 hobgoblins (D:1 D:2 D:4)
  2 jackals (D:4)
  A quokka (D:3)
  2 frilled lizards (D:1)
  7 goblins (D:1 D:2)
  6 kobolds (D:1 D:2 D:3 D:4)
  5 rats (D:1 D:2 D:3)
69 creatures vanquished.

Table legend: (Time is in decaauts)
 A = Elapsed time spent in this place.
 B = Non-inter-level travel time spent in this place.
 C = Inter-level travel time spent in this place.
 D = Time resting spent in this place.
 E = Time spent auto-exploring this place.
 F = Levels seen in this place.
 G = Mean time per level.
                   A        B        C        D        E       F      G
               +--------+--------+--------+--------+--------+-----+--------+
         Total |   2964 |   2842 |    122 |    233 |   1790 |   4 |  741.0 |
       Dungeon |   2964 |   2842 |    122 |    233 |   1790 |   4 |  741.0 |
               +--------+--------+--------+--------+--------+-----+--------+

Top non-repeatable levels by time:
     D:3: 1236 daAuts
     D:4: 700 daAuts
     D:1: 637 daAuts
     D:2: 390 daAuts

Table legend:
 A = Non-vault XP
 B = Vault XP
 C = Vault XP percentage of total XP
 D = Non-vault monster count
 E = Vault monster count
 F = Vault count percentage of total count
                 A         B        C        D         E       F
            +---------+---------+-------+---------+---------+-------
      Total |     254 |       3 |   1.2 |      64 |       2 |   3.0
            +---------+---------+-------+---------+---------+-------
        D:1 |      42 |       0 |   0.0 |      23 |       0 |   0.0
        D:2 |      34 |       0 |   0.0 |      19 |       0 |   0.0
        D:3 |      50 |       0 |   0.0 |      12 |       0 |   0.0
        D:4 |     128 |       3 |   2.3 |      10 |       2 |  16.7
            +---------+---------+-------+---------+---------+-------
